[Event "*** Titled Tuesday Blitz"]
[Site "Chess.com"]
[Date "2018.06.05"]
[Round "10"]
[White "andrewtnb"]
[Black "Angry_Serb"]
[Result "0-1"]
[WhiteElo "2378"]
[BlackElo "2472"]
[TimeControl "180+2"]
[EndTime "15:26:43 PDT"]
[Termination "Angry_Serb won by resignation"]

1. d4 d5 2. Nf3 Nc6 3. Bf4 Bg4 4. Nbd2 f6 5. h3 Bh5 6. Bh2 e6 7. e3 Bd6 8. c4 Bxh2 9. Rxh2 Nge7 10. Bd3 Bg6 11.
Bxg6+ Nxg6 12. Qb3 Qd7 13. O-O-O O-O 14. Rhh1 Kh8 15. h4 Nge7 16. Kb1 a5 17. cxd5 Nxd5 18.
Rc1 a4 19. Qc4 Na5 20. Qd3 Nb4 21. Qc3 Nd5 22. Qd3 Ra6 23. Nc4 Qb5 24. Nce5 Qe8 25. Nc4 Qb5 26. Nce5 Qb4 27. Nd7 Rd8 28. Nc5 Rb6 29.
Rc2 a3 30. b3 Qb5 31. Qxb5 Rxb5 32. Nxe6 Rd7 33. Rc5 b6 34. Rxb5 Nc3+ 35. Kc2 Nxb5 36. Kd3 Nc6 37. Kc4 Nd6+ 38. Kd3 Nb4+ 39. Ke2 Nxa2 40. Ra1 Nc3+ 41. Kd3 Ncb5 42. Nf4 c5 43. d5 Nb7 44. e4 Na5 45. Nd2 Kg8 46. Kc2 Nd4+ 47. Kc3 Kf7 48. Nc4 Naxb3 49. Rxa3 b5 50. Rxb3 Nxb3 51. Kxb3 bxc4+ 52. Kxc4 Rc7 53. d6 Rc8 54.
Kd5 c4 55. d7 Rd8 56. Kd6 c3 57. Nd3 c2 58. f4 h5 59. e5 fxe5 60. fxe5 Ra8 61.
e6+ Kf6 62. e7 Ra3 63. e8=Q Rxd3+ 64. Kc7 c1=Q+ 65. Kd8 Qc5 66. Qxh5 Qxh5 0-1

[Event "*** Titled Tuesday Blitz"]
[Site "Chess.com"]
[Date "2018.06.05"]
[Round "10"]
[White "savinspm"]
[Black "Shaman91"]
[Result "1-0"]
[WhiteElo "2145"]
[BlackElo "2532"]
[TimeControl "180+2"]
[EndTime "15:26:50 PDT"]
[Termination "savinspm won by resignation"]

1. e4 g6 2. d4 Bg7 3. c4 c5 4. d5 d6 5. Nc3 e6 6. Bd3 Ne7 7.
Nge2 O-O 8. O-O a6 9. a4 exd5 10. exd5 Nd7 11. Bf4 Ne5 12. Bxe5 Bxe5 13. Qd2 Nf5 14.
h3 Qh4 15. f4 Bg7 16. Ne4 Qd8 17. Rae1 Bd7 18. b3 Rb8 19. g4 Nd4 20. Nxd4 Bxd4+ 21. Kg2 Qc7 22. f5 gxf5 23. gxf5 f6 24. Qf4 Be5 25. Qf3 Kh8 26. Kh1 b5 27. axb5 axb5 28. Rg1 bxc4 29.
bxc4 Rb3 30. Rg2 Be8 31. Reg1 Qf7 32. Qd1 Ra3 33. Nf2 Ra1 34. Qg4 Rxg1+ 35. Rxg1 Rg8 36.
Qxg8+ Qxg8 37. Rxg8+ Kxg8 38. Ng4 Bd4 39. Kg2 h5 40.
Nf2 Kg7 41. Ne4 Be5 42. Be2 h4 43. Bd1 Kh6 44. Kf2 Bf7 45. Ke3 Bg8 46. Nd2 Bh7 47. Ke4 Bg3 48. Bg4 Bg8 49. Bd1 Bf7 50. Ke3 Kg5 51.
Ke4 Kh6 52. Ke3 Be8 53. Ke4 Bd7 54. Nf3 Bf2 55. Bc2 Bg3 56. Bd1 Bc8 57. Ba4 Ba6 58. Bb5 Bc8 59. Nd2 Kg5 60. Nf3+ Kh5 61. Be8+ Kh6 62.
Bb5 Kh5 63. Be8+ Kh6 64. Bb5 Kg7 65. Ng1 Kf8 66. Ne2 Be5 67. Nf4 Kg7 68. Ne6+ Kh6 69. Kf3 Kh5 70. Be8+ Kh6 71. Kg4 Bg3 72. Bb5 Be1 73.
Nc7 Kg7 74. Ne8+ Kf7 75. Nxd6+ 1-0

[Event "*** Titled Tuesday Blitz"]
[Site "Chess.com"]
[Date "2018.06.05"]
[Round "10"]
[White "nihalsarin"]
[Black "champ2005"]
[Result "1-0"]
[WhiteElo "2753"]
[BlackElo "2570"]
[TimeControl "180+2"]
[EndTime "15:26:51 PDT"]
[Termination "nihalsarin won on time"]

1. c4 e5 2. Nc3 Nf6 3. Nf3 Nc6 4. e3 d6 5. d4 exd4 6. exd4 Bg4 7. Be2 Be7 8. O-O O-O 9. Be3 d5 10. Ne5 Bxe2 11.
Qxe2 Bb4 12. Nxc6 bxc6 13. Rac1 Bxc3 14. Rxc3 Re8 15. Rfc1 Rb8 16. b3 Re7 17. cxd5 cxd5 18. Qa6 Ne4 19. Rc6 h5 20. h3 Rd7 21. R1c2 Qc8 22.
Qxa7 Ra8 23. Rxc7 Rxc7 24. Rxc7 Qe8 25. Qb7 Nf6 26. a4 Rb8 27. Qc6 Qxc6 28. Rxc6 Rxb3 29. a5 Ra3 30. a6 Ne4 31. h4 Ra1+ 32. Kh2 Kh7 33.
f3 Nf6 34. Bf4 Ra4 35. Bb8 Rxd4 36. a7 Rxh4+ 37. Kg3 Ra4 38. Rc8 h4+ 39. Kh3 Nh5 40. Rd8 f6 41. Rxd5 g5 42. Rd4 Ra1 43. Rd7+ Kg6 44.
Kh2 f5 45. Rd6+ Kf7 46. Rb6 g4 47. fxg4 fxg4 48. Rh6 Nf6 49. Rxh4 Ra3 50. Rh6 Kg7 51.
Rh4 Kg6 52. Rh8 Kg7 53. Rd8 1-0

[Event "*** Titled Tuesday Blitz"]
[Site "Chess.com"]
[Date "2018.06.05"]
[Round "10"]
[White "Kimster98"]
[Black "cukus"]
[Result "0-1"]
[WhiteElo "2532"]
[BlackElo "2436"]
[TimeControl "180+2"]
[EndTime "15:26:53 PDT"]
[Termination "cukus won by resignation"]

1. d4 Nf6 2. Bg5 Ne4 3. Bf4 c5 4. f3 Qa5+ 5. c3 Nf6 6. d5 d6 7. e4 g6 8. Na3 Bg7 9. Nc4 Qc7 10. a4 Nbd7 11. Bd3 O-O 12. Nh3 Ne5 13. Nf2 Nfd7 14. Be2 f5 15. exf5 Nxc4 16. Bxc4 Rxf5 17. Bg3 Ne5 18.
Be2 c4 19. f4 Nd3+ 20. Bxd3 cxd3 21. Qxd3 Qa5 22. Rd1 Qxa4 23. O-O Bd7 24. Rfe1 Re8 25. Ne4 Bb5 26. Qd2 Qb3 27. Bh4 Bc4 28. Nxd6 Qb6+ 29. Bf2 Qxd6 30. Bxa7 Rxd5 31. Qc1 e6 32. Rxd5 Bxd5 33.
Qe3 Bc6 34. Qf2 Qd5 35. Be3 e5 36. Rf1 exf4 37. Bxf4 Bb5 38. Re1 Rxe1+ 39. Qxe1 Qc5+ 40.
Be3 Qe7 41. Qd2 Bc6 42. Qd3 Qd7 43. Qxd7 Bxd7 44. Kf2 Kf7 45. Bd2 Be6 46. Ke3 Bh6+ 47. Kd3 Bf5+ 48. Ke2 Bxd2 49. Kxd2 Ke6 50. b3 Kd5 51.
Ke3 b5 52. Kd2 Ke4 53. Ke2 Be6 54. c4 bxc4 55. bxc4 Bxc4+ 56. Kf2 Kf4 57. h3 Bd5 58. g3+ Ke4 59. Ke2 g5 60. Kf2 h6 61. Ke2 Bc4+ 62. Kf2 Bd3 63. g4 Kf4 64. Kg2 Be4+ 65. Kf2 Bf3 66.
h4 Bxg4 67. hxg5 hxg5 68. Kg2 Bf5 69. Kg1 Kg3 70. Kf1 g4 71. Kg1 Kf3 72. Kf1 g3 73. Kg1 Be4 74. Kf1 g2+ 75. Kg1 Bd5 76. Kh2 Kf2 77. Kh3 g1=Q 78. Kh4 Bf7 0-1

[Event "*** Titled Tuesday Blitz"]
[Site "Chess.com"]
[Date "2018.06.05"]
[Round "10"]
[White "nurmiTV"]
[Black "RDMGUY01"]
[Result "1/2-1/2"]
[WhiteElo "2479"]
[BlackElo "2386"]
[TimeControl "180+2"]
[EndTime "15:26:54 PDT"]
[Termination "Game drawn by agreement"]

1. c4 Nf6 2. Nc3 c5 3. g3 d5 4. cxd5 Nxd5 5. Bg2 Nb6 6. Nf3 Nc6 7. O-O e6 8. b3 Be7 9. Bb2 O-O 10. Rc1 Bf6 11.
Ba3 Nd7 12. Ne4 Be7 13. Bxc5 Nxc5 14. Nxc5 Qa5 15. Na4 Bf6 16. d3 Rd8 17. Nd2 Qh5 18. Nc5 Nd4 19. Nf3 Rb8 20. Ne4 Be7 21. Rc7 Ba3 22. Nxd4 Rxd4 23. Qc2 Rd8 24. h4 h6 25. Qc3 Bf8 26. Bf3 Qf5 27. Rc1 e5 28. Nc5 Bd6 29. Nxb7 Bxc7 30. Qxc7 Bxb7 31. Bxb7 Qd7 32. Qxd7 Rxd7 33.
Be4 g6 34. Rc5 Re7 35. Bd5 Kg7 36. e4 f5 37. Rc6 Rb6 38. Rc8 Ra6 39. a4 Rb6 40. h5 gxh5 41. exf5 Kf6 42. Rf8+ Kg5 43. Kg2 Rf6 44. f4+ exf4 45. gxf4+ Kxf5 46. Be4+ Ke6 47. f5+ Ke5 48. d4+ Kxe4 49. Rxf6 Kxd4 50. Rxh6 Ke5 51. Rxh5 Rb7 52. Rh3 Kxf5 53. Kf2 Ke4 54. Ke2 Kd4 55. Kd2 Rc7 56. Rh4+ Kd5 57. Kd3 Rc1 58. Rh5+ Kd6 59. Rh7 a5 60. Rh5 Rc5 61. Rh6+ Kd5 62.
Rh5+ Kd6 63. Rh6+ Kd5 64. Rg6 Ke5 65. Ra6 Kd5 66. Rh6 Ke5 67. Rh5+ Kd6 68. Rxc5 Kxc5 69.
Kc3 Kd5 70. Kd3 Kc5 71. Kc3 Kd5 72. b4 axb4+ 73. Kxb4 Kc6 74. Ka5 Kb7 1/2-1/2

[Event "*** Titled Tuesday Blitz"]
[Site "Chess.com"]
[Date "2018.06.05"]
[Round "10"]
[White "51616516516"]
[Black "Godzillator"]
[Result "1-0"]
[WhiteElo "2309"]
[BlackElo "2253"]
[TimeControl "180+2"]
[EndTime "15:27:09 PDT"]
[Termination "51616516516 won by resignation"]

1. d4 d5 2. c4 c6 3. Nf3 Nf6 4. Nc3 a6 5. e3 Bf5 6. Be2 h6 7. O-O b5 8. b3 e6 9. Bb2 Nbd7 10. h3 Be7 11. Rc1 O-O 12. Qd2 Bb4 13. a3 Ne4 14.
Qd1 Nxc3 15. Bxc3 Bxa3 16. Ra1 Bd6 17. Ba5 Bc7 18. Qd2 bxc4 19. bxc4 Nb6 20. c5 Nc4 21. Bxc4 dxc4 22. Bxc7 Qxc7 23. Ne5 Bd3 24. Nxd3 cxd3 25. Qxd3 a5 26. Ra3 Ra7 27. Rfa1 Rb8 28. Qd2 Rb5 29. Qc3 Qb8 30. g3 Rb1+ 31. Kg2 Rxa1 32. Rxa1 Qb5 33. Ra2 a4 34. Rb2 Qa5 35. Qc2 g6 36. h4 h5 37.
Rb8+ Kh7 38. Qe4 Qa6 39. Qe5 f6 40. Qxf6 Rg7 41. Qf8 Kh6 42. Qh8+ Rh7 43. Qf6 Qa7 44. Rg8 Rg7 45. Rh8+ Rh7 46. Rg8 Rg7 47. Rh8+ Rh7 48. Qg5+ Kg7 49. Qe5+ Kh6 50. Rg8 Rg7 51. Qg5+ Kh7 52.
Rf8 Qe7 53. Qxe7 Rxe7 54. Ra8 e5 55. Rxa4 exd4 56. exd4 Re4 57. Kf3 Re1 58. Ra7+ Kg8 59. Rc7 Re6 60. Kf4 Rf6+ 61. Kg5 Rxf2 62. Kxg6 Kf8 63. Rxc6 Rg2 64. Kxh5 Rxg3 65. Rd6 Ke7 66. Kh6 Kf7 67. Rd7+ Ke6 68. c6 Rg4 69. d5+ Kf6 70. h5 Rg8 71. Kh7 Re8 72. c7 Rc8 73. d6 Rf8 74.
Rd8 Rf7+ 75. Kh6 Ke5 76. c8=Q Rf6+ 77. Kg7 Re6 78. Qxe6+ Kxe6 79. h6 1-0

[Event "*** Titled Tuesday Blitz"]
[Site "Chess.com"]
[Date "2018.06.05"]
[Round "10"]
[White "comedy_of_errors"]
[Black "Terrordelcaribe94"]
[Result "1-0"]
[WhiteElo "2579"]
[BlackElo "2354"]
[TimeControl "180+2"]
[EndTime "15:27:23 PDT"]
[Termination "comedy_of_errors won by resignation"]

1. d4 e6 2. Bf4 c5 3. e3 Qb6 4.
Nc3 a6 5. a3 d5 6. Nf3 Nc6 7.
Be2 Nf6 8. O-O cxd4 9. exd4 Be7 10. Re1 O-O 11. h3 Bd7 12. Rb1 Rac8 13. Qd3 Na5 14. Ne5 Nc4 15. Nxc4 Rxc4 16. Be5 Rfc8 17. Qg3 R4c6 18.
Na4 Qd8 19. Bd3 g6 20. b4 Nh5 21. Qf3 Ra8 22. Nc5 Bc8 23. c4 dxc4 24. Be4 Rb6 25. Na4 Rb5 26. Nc3 Qd7 27. Nxb5 axb5 28. d5 exd5 29. Bxd5 Bf8 30. Rbd1 Qf5 31. Qxf5 Bxf5 32.
Bxb7 Rxa3 33. Bd6 Bxd6 34. Rxd6 Nf4 35. Bc6 Nd3 36. Re8+ Kg7 37. Bxb5 Ra1+ 38. Kh2 Nxf2 39. Bxc4 Rh1+ 40. Kg3 Ne4+ 41. Rxe4 Bxe4 42. Rd7 h5 43. Rxf7+ Kh6 44. h4 Rc1 45. Bf1 Rc3+ 46. Kh2 Rb3 47. b5 Rb1 48. Rf8 Kg7 49. Rf4 Bd5 50. Bd3 Rb2 51. Bf1 Rb1 52. Kg3 Rb3+ 53. Kf2 Rb2+ 54. Ke3 Kh6 55. Rf2 Rb4 56. Rf4 Rb1 57. Kd4 Be6 58.
Kc5 Bf5 59. b6 Rc1+ 60. Kd6 Rd1+ 61. Kc7 Rc1+ 62. Kb8 Kg7 63. b7 Kf6 64. Ba6 Ke5 65. Ra4 Be4 66. Ka7 Rc7 67. Kb6 Rc6+ 68. Kb5 Kd5 69.
Rxe4 g5 70. Re5+ Kd6 71. Re6+ Kd5 72. Rxc6 g4 73. b8=Q g3 74. Qd6+ Ke4 75. Rc4+ Ke3 76. Qxg3+ Kd2 77. Rf4 1-0

[Event "*** Titled Tuesday Blitz"]
[Site "Chess.com"]
[Date "2018.06.05"]
[Round "10"]
[White "Infernal_XaM"]
[Black "hansen"]
[Result "1-0"]
[WhiteElo "2767"]
[BlackElo "2779"]
[TimeControl "180+2"]
[EndTime "15:27:25 PDT"]
[Termination "Infernal_XaM won by resignation"]

1. d4 Nf6 2. Nf3 g6 3. b4 Bg7 4. Nbd2 Nd5 5. Ba3 Nc3 6. Qc1 d5 7. e3 O-O 8. Qb2 Na4 9. Qb3 Nb6 10. Be2 Re8 11. O-O N8d7 12. c4 dxc4 13. Nxc4 Nxc4 14. Bxc4 e6 15. b5 b6 16. Rfc1 Bb7 17. Be2 a6 18. Bb2 axb5 19. Bxb5 Bxf3 20. gxf3 c5 21. d5 Bxb2 22.
dxe6 Rxe6 23. Qxb2 Ne5 24. Qe2 Qg5+ 25. Kh1 Qh5 26.
Kg2 Qg5+ 27. Kh1 Qh5 28. Kg2 Qg5+ 29. Kh1 Qh4 30. Rg1 Rd8 31. f4 Nc6 32. Bc4 Red6 33. Rad1 Qf6 34. Rxd6 Rxd6 35. Rd1 Ne7 36. Bb3 Nf5 37.
Rxd6 Qxd6 38. Qb5 Kg7 39. Qc4 Qc6+ 40. Kg1 Qd7 41. Qc3+ Kg8 42. a4 Qd6 43. Qc4 Qf6 44. Kf1 Kg7 45. Qd5 h5 46. Ke2 Nd6 47. Kf3 Qd8 48.
Qe5+ Kg8 49. Bd5 Qd7 50. Ke2 Nf5 51. Bb3 Nd6 52. Qf6 c4 53. Bc2 Qg4+ 54. Kd2 Qd7 55. Kc3 Qc6 56. Qe5 Kf8 57. Kb4 Kg8 58. e4 Kf8 59. f5 gxf5 60. exf5 Nb7 61. Be4 Qd6+ 62.
Qxd6+ Nxd6 63. Bf3 h4 64. f6 Ke8 65. Bd5 h3 66. Bxc4 Ne4 67. Bf1 Nxf2 68. Kb5 Kd7 69. Kxb6 Kc8 70. a5 Ne4 71. Bxh3+ Kb8 72. Be6 Ng5 73.
Bd5 Nh7 74. a6 Nxf6 75. a7+ 1-0

[Event "*** Titled Tuesday Blitz"]
[Site "Chess.com"]
[Date "2018.06.05"]
[Round "10"]
[White "GadimbayliA"]
[Black "Micki-taryan"]
[Result "1/2-1/2"]
[WhiteElo "2583"]
[BlackElo "2835"]
[TimeControl "180+2"]
[EndTime "15:27:28 PDT"]
[Termination "Game drawn by agreement"]

1. e4 e5 2. Nf3 Nc6 3. Bb5 Nf6 4. O-O Nxe4 5. Re1 Nd6 6. Nxe5 Be7 7. Bf1 Nf5 8. c3 O-O 9. d4 Nxe5 10. Rxe5 d6 11.
Re1 Bg5 12. Bxg5 Qxg5 13. Nd2 Bd7 14. Nf3 Qf6 15. Bd3 g6 16. Nd2 Kg7 17. Qf3 Rab8 18. Re2 Rfe8 19. Rae1 Rxe2 20. Rxe2 Nh4 21. Qxf6+ Kxf6 22. f3 Nf5 23. Kf2 h5 24. Ne4+ Kg7 25. Nd2 Kf8 26.
Ne4 Kg7 27. Nd2 Be6 28. a3 Nh6 29. Re1 Ng8 30. Re2 Bd7 31. Re1 a5 32. Nc4 b6 33.
Nd2 b5 34. Nb3 Ra8 35. Nd2 Kf8 36.
Ne4 Rb8 37. Re2 b4 38. axb4 axb4 39. Kg3 Bf5 40. c4 Ne7 41. d5 Bxe4 42. Bxe4 Ng8 43. Kf4 Nf6 44. g3 Nd7 45. h4 Nc5 46. g4 hxg4 47. fxg4 b3 48. Ke3 Kg7 49. Kd4 Rh8 50. Rh2 Re8 51. Re2 Rh8 52. Rh2 Ra8 53. Rh1 Ra2 54.
Rb1 Ra4 55. Bf3 Ra8 56. Re1 Ra2 57. Rb1 Ra8 58. Re1 Rh8 59. h5 Kf6 60. Bd1 Ra8 61.
Re3 Ra2 62. Kc3 Ra1 63. Kd2 Rb1 64. Bxb3 Rxb2+ 65. Bc2 Ra2 66. h6 Kg5 67. h7 Ra8 68. Re7 Kf6 69. Rxc7 Rh8 70. g5+ Kg7 71. Rc6 Rd8 72.
Kc3 Kxh7 73. Kd4 Kg7 74. Rxd6 Ne6+ 75. Ke5 1/2-1/2

[Event "*** Titled Tuesday Blitz"]
[Site "Chess.com"]
[Date "2018.06.05"]
[Round "10"]
[White "MPGM"]
[Black "gmjlh"]
[Result "1-0"]
[WhiteElo "2415"]
[BlackElo "2602"]
[TimeControl "180+2"]
[EndTime "15:27:29 PDT"]
[Termination "MPGM won by checkmate"]

1. Nf3 Nf6 2. c4 g6 3. d4 Bg7 4. e3 O-O 5. Be2 d6 6. Nc3 Nbd7 7. O-O e5 8. Qc2 c6 9. Rd1 Qe7 10. b4 Re8 11. Bf1 exd4 12. exd4 Nb6 13. Re1 Qf8 14. Bf4 Bf5 15. Qd2 Ne4 16. Nxe4 Rxe4 17. Rxe4 Bxe4 18. Re1 Bxf3 19. gxf3 d5 20. c5 Nc4 21. Bxc4 dxc4 22.
Bd6 Qd8 23. Qf4 Qf6 24. Qxf6 Bxf6 25. Rc1 Bxd4 26. Rxc4 Bf6 27. a4 Re8 28. b5 Be7 29. Bxe7 Rxe7 30. bxc6 bxc6 31. Re4 Kf8 32. Kg2 Rd7 33.
Rc4 Ke7 34. Re4+ Kf6 35. Kg3 Rd5 36. Rf4+ Ke6 37. Rc4 Rg5+ 38. Kf4 Rh5 39. Ke4 Rxh2 40. Rd4 Rh4+ 41. f4 Ke7 42. Rd6 g5 43. Rxc6 Rxf4+ 44. Ke5 Rxa4 45. Rc7+ Kf8 46. c6 h5 47. Kd5 Ra2 48. Rb7 Rd2+ 49. Ke5 Rc2 50. Kd6 h4 51. c7 Kg7 52. Rb5 Rxc7 53. Kxc7 Kg6 54. Kd6 h3 55. Ke5 f6+ 56. Ke4 Kh5 57. Kf3 Kg6 58. Kg3 a6 59. Ra5 f5 60. Kxh3 Kh5 61. Kg3 f4+ 62. Kf3 Kh4 63. Rxa6 Kh5 64. Rb6 g4+ 65. Kxf4 g3 66.
f3 g2 67. Rb1 Kh4 68. Rg1 Kh3 69. Rxg2 Kxg2 70. Kg4 Kf2 71. f4 Ke3 72. Kg5 Ke4 73. f5 Kd5 74. Kg6 Kd6 75. f6 Kd7 76. Kg7 Ke8 77. f7+ Kd7 78. f8=Q Kc6 79. Qf5 Kd6 80.
Kf6 Kc6 81. Ke6 Kc7 82. Qc5+ Kb7 83. Kd6 Ka6 84. Qb4 Ka7 85. Kc7 Ka6 86. Qb6# 1-0

[Event "*** Titled Tuesday Blitz"]
[Site "Chess.com"]
[Date "2018.06.05"]
[Round "10"]
[White "Usurpov"]
[Black "Abund"]
[Result "0-1"]
[WhiteElo "2417"]
[BlackElo "2512"]
[TimeControl "180+2"]
[EndTime "15:27:31 PDT"]
[Termination "Abund won by resignation"]

1. e4 c6 2. d4 d5 3. Nc3 dxe4 4.
Nxe4 Bf5 5. Ng3 Bg6 6. h4 h6 7. h5 Bh7 8. Nf3 e6 9. Bd3 Bxd3 10. Qxd3 Nf6 11. Bd2 Be7 12. O-O-O O-O 13. Ne4 Nxe4 14. Qxe4 Qd5 15. Qxd5 exd5 16. Bf4 Nd7 17. Rde1 Rfe8 18.
Ne5 Nf8 19. c3 Bf6 20. Kc2 Bxe5 21. Rxe5 f6 22. Rxe8 Rxe8 23. Kd3 Ne6 24. Be3 Kf7 25. g4 Ng5 26. a4 Ne4 27. Ra1 f5 28. f3 Nd6 29. Bf4 Nc4 30. b3 Na5 31. Rb1 fxg4 32. fxg4 Re4 33. Bd2 Rxg4 34. c4 b6 35. Rf1+ Ke6 36.
Bxa5 bxa5 37. Rf8 Rg5 38. Ra8 Rxh5 39. Rxa7 dxc4+ 40. Kxc4 Rg5 41. Ra6 Kd6 42. b4 axb4 43. Kxb4 h5 44. Ra8 h4 45. Rh8 Rg4 46. Kc4 c5 47. a5 Rxd4+ 48. Kc3 Ra4 49. a6 g5 50. Rh5 Kc6 51. Rxg5 Rxa6 52. Rh5 Ra4 53. Rh6+ Kb5 54. Rh5 Rg4 55. Rh8 Rg3+ 56. Kc2 h3 57. Rh4 Rf3 58. Kb2 Rf2+ 59. Kc3 h2 60.
Rh5 Rg2 61. Rh4 Kc6 62. Rh5 Kd6 63. Kc4 Rc2+ 64. Kd3 Ra2 65. Kc4 Rg2 66. Kc3 Ke6 67.
Kc4 Kf6 68. Kxc5 Kg6 69. Rh8 Kf5 70. Kd4 Kf4 71. Rf8+ Kg3 72. Rh8 Kf2 73. Kd3 Kg1 0-1

[Event "*** Titled Tuesday Blitz"]
[Site "Chess.com"]
[Date "2018.06.05"]
[Round "10"]
[White "PowerThinking2650"]
[Black "kungmongmanh"]
[Result "0-1"]
[WhiteElo "2307"]
[BlackElo "2368"]
[TimeControl "180+2"]
[EndTime "15:27:32 PDT"]
[Termination "kungmongmanh won by resignation"]

1. e4 e6 2. d4 d5 3. Nd2 Nf6 4.
e5 Nfd7 5. Bd3 c5 6. c3 Nc6 7. Ne2 Qb6 8. Nf3 f6 9. exf6 Nxf6 10. O-O cxd4 11. cxd4 Bd6 12. a3 O-O 13. b4 e5 14.
dxe5 Nxe5 15. Nxe5 Bxe5 16. Rb1 Qc7 17. Ng3 Bg4 18. Qc2 Qd6 19. Qc5 b6 20. Qxd6 Bxd6 21. Bb2 Rac8 22. Nf5 Rfd8 23. h3 Bh5 24. Rbc1 Bf8 25.
Ba6 Rxc1 26. Rxc1 Bg6 27. Nd4 Bd6 28. Nf3 Ne4 29. Rc6 Be8 30. Rc1 Bf4 31. Rd1 Bf7 32.
Bb7 Rd7 33. Bc6 Rd6 34. b5 Nf6 35. g3 Bh6 36. Be5 Rd8 37. Nd4 Ne4 38. Nf5 Be6 39. Nxh6+ gxh6 40. Kg2 Kf7 41. f3 Nc5 42. g4 Nb3 43. f4 d4 44. Kg3 Bd5 45. Rd3 Bc4 46. Rd1 d3 47. a4 Nc5 48. Bf3 Bb3 49. Rd2 Bxa4 50. f5 Bxb5 51. g5 hxg5 52. Bh5+ Kf8 53. f6 Ne4+ 54. Kg4 Nxd2 55. Kxg5 Be8 56. Bd1 Ne4+ 57.
Kf4 Nc5 58. Bc3 Bf7 59. Bd2 a5 60. Ke5 Rd5+ 61. Kf4 a4 62. Bf3 Rd6 63. Ke5 Re6+ 64. Kf5 Bg6+ 65. Kg5 Bf7 66. h4 a3 67. Bc3 Rd6 68.
h5 d2 69. Bd1 Ne4+ 70. Kh6 Nxc3 71. Kxh7 a2 72. h6 Nxd1 73. Kh8 Rxf6 74. h7 Ke7 75. Kg7 Rg6+ 76. Kh8 Rh6 77. Kg7 Rxh7+ 78. Kxh7 Ne3 0-1

[Event "*** Titled Tuesday Blitz"]
[Site "Chess.com"]
[Date "2018.06.05"]
[Round "10"]
[White "Fins0905"]
[Black "NormWeinstein"]
[Result "1-0"]
[WhiteElo "2602"]
[BlackElo "2369"]
[TimeControl "180+2"]
[EndTime "15:27:37 PDT"]
[Termination "Fins0905 won by resignation"]

1. d4 c5 2. c3 e6 3. Nf3 d5 4. Bf4 Bd6 5. Bg3 Ne7 6. e3 Nf5 7. Bxd6 Qxd6 8. Bd3 Ne7 9. Nbd2 Nd7 10. O-O Nf6 11.
Ne5 O-O 12. f4 b6 13. Qf3 a5 14. Rf2 Ba6 15. Bc2 b5 16. Qh3 g6 17. Ndf3 b4 18. Ng5 bxc3 19. bxc3 Rab8 20. dxc5 Qxc5 21. Nd7 Qxc3 22. Nxf6+ Kg7 23. Rd1 Kxf6 24. Nxh7+ Kg7 25. Nxf8 Rxf8 26. e4 Qxh3 27. gxh3 dxe4 28. Bxe4 Bc4 29. Rd7 Nd5 30. Rc2 Bb5 31. Rb7 Ba4 32. Rc4 Bd1 33.
Bxd5 exd5 34. Rcc7 Bf3 35. Ra7 Kf6 36. Kf2 Be4 37.
Ke3 Ke6 38. h4 f6 39. Rxa5 Kf5 40. a4 Rh8 41. Ra6 Rxh4 42. Rf7 Rh3+ 43. Kd4 Kxf4 44. Raxf6+ Kg5 45. Rf2 Rd3+ 46. Ke5 Ra3 47. Ra7 Bf5 48.
Kxd5 Rc3 49. a5 Rd3+ 50. Kc4 Ra3 51. Kb4 Ra1 52. Ra8 Bd3 53. Kc5 Rc1+ 54. Kd4 Bf5 55.
a6 Rd1+ 56. Kc5 Ra1 57. Kb6 Be4 58. Re8 Rb1+ 59. Ka7 Bf5 60. Re5 Rd1 61. Kb6 Rd6+ 62. Ka5 Rd1 63. Rb5 Ra1+ 64. Kb6 Re1 65. a7 Re6+ 66.
Ka5 Re1 67. Ra2 Re8 68. Rb8 Re5+ 69. Kb6 Be4 70. a8=Q Re6+ 71. Kc5 Bxa8 72. Rbxa8 Re5+ 73. Kd4 Rf5 74. Rg2+ Kh6 75. Ra6 Rf4+ 76. Ke3 Rf8 77. Raxg6+ Kh7 78. R6g4 Re8+ 79. Kf2 Rf8+ 80. Kg1 1-0

[Event "*** Titled Tuesday Blitz"]
[Site "Chess.com"]
[Date "2018.06.05"]
[Round "10"]
[White "Morshynska"]
[Black "TomPolgar"]
[Result "0-1"]
[WhiteElo "2222"]
[BlackElo "2284"]
[TimeControl "180+2"]
[EndTime "15:28:10 PDT"]
[Termination "TomPolgar won by resignation"]

1. d4 Nf6 2. c4 g6 3. Nf3 Bg7 4. g3 O-O 5. Bg2 d6 6. O-O Nc6 7. h3 e5 8. Be3 e4 9. Nfd2 h5 10. Nc3 Re8 11. Ndxe4 Nxe4 12. Nxe4 Bxh3 13. Bxh3 Rxe4 14.
Bg2 Rxd4 15. Bxd4 Nxd4 16. Qd3 Rb8 17. Rad1 h4 18. e3 Ne6 19. gxh4 Qxh4 20. Qe4 Qh5 21. Rd5 Qh6 22. b4 Bf6 23. Qg4 Kg7 24. Rfd1 Rh8 25. f4 Qh2+ 26. Kf1 Rh4 27. Qf3 Nxf4 28. R5d2 Nxg2 29.
Qxg2 Qe5 30. c5 Qxe3 31. Rf2 dxc5 32. bxc5 Qxc5 33. Qf3 Qc4+ 34. Kg2 Qg4+ 35. Qxg4 Rxg4+ 36. Kf3 Ra4 37. Rd7 Rc4 38. Kg2 b5 39. Rd5 c6 40.
Rd6 Be5 41. Rd7 Rf4 42. Re2 Bd4 43. Ree7 Bc5 44. Re8 Bb6 45. Rb7 c5 46. Rbb8 c4 47. Rg8+ Kf6 48. Rbc8 Rf2+ 49. Kg3 Rxa2 50. Rgf8 Ra3+ 51.
Kg4 c3 52. Rc6+ Kg7 53. Rb8 Ra4+ 54. Kf3 b4 55. Rcc8 Ra3 56. Ke2 b3 57. Rxc3 b2 58.
Rxa3 b1=Q 59. Rd3 Qb5 60. Rb7 Qe5+ 61. Kd1 Qe4 62. Rdd7 Qf5 63. Ke2 g5 64. Kd1 g4 65.
Ke2 Qf3+ 66. Kd2 g3 67. Re7 g2 68. Kc2 g1=Q 69. Kd2 Qd4+ 70. Kc2 a5 71. Rxf7+ Qxf7 72. Rxf7+ Kxf7 73. Kb1 a4 74. Ka2 Ke6 75. Ka3 Kd5 76. Ka2 Kc5 77. Ka3 Kb5 78. Ka2 Kb4 79. Kb1 Qf2 80.
Ka1 Kb3 0-1

[Event "*** Titled Tuesday Blitz"]
[Site "Chess.com"]
[Date "2018.06.05"]
[Round "10"]
[White "Fandorine"]
[Black "murmah2003"]
[Result "1/2-1/2"]
[WhiteElo "2731"]
[BlackElo "2503"]
[TimeControl "180+2"]
[EndTime "15:28:19 PDT"]
[Termination "Game drawn by agreement"]

1. e4 g6 2. d4 Bg7 3. Nc3 c6 4.
Nf3 d6 5. Be3 b5 6. Ne2 Nf6 7.
Ng3 O-O 8. h3 Bb7 9. Bd3 a6 10.
O-O Nbd7 11. c3 e5 12. Re1 Qc7 13. Qd2 exd4 14. cxd4 c5 15. d5 Rfe8 16. Bh6 Bxh6 17. Qxh6 Qd8 18. Rad1 Qe7 19. Nh2 Qf8 20. Qc1 c4 21. Bb1 Rac8 22. f4 Nc5 23. Nf3 Rc7 24. Qc3 Qg7 25. Re2 Rce7 26. Rde1 Nfd7 27. Qd2 Nb6 28. Kh2 Rd8 29. Nd4 Qf8 30. Re3 Rde8 31. Ngf5 Rd7 32. Rg3 Kh8 33. Qc3 Nba4 34. Qc1 gxf5 35.
Nxf5 f6 36. b3 Nb6 37. Qc3 Qf7 38. Qd4 Qf8 39. b4 Nca4 40. Rf1 Bc8 41. Bc2 Rf7 42. Ne3 Rg7 43. Rff3 Qf7 44. Rxg7 Qxg7 45. Rg3 Qh6 46. f5 Rg8 47. Ng4 Qg7 48. Qxf6 Qxf6 49.
Nxf6 Rxg3 50. Kxg3 Nc3 51. Ne8 Ne2+ 52. Kf2 Nd4 53. Bd1 c3 54. Nxd6 c2 55. Bxc2 Nxc2 56. g4 Nxb4 57. Kf3 Bd7 58. Kf4 N4xd5+ 59. exd5 Nxd5+ 60. Ke5 Nc3 61. a3 Kg7 62. g5 a5 63. h4 b4 64.
axb4 axb4 65. h5 Bxf5 66. Nxf5+ Kg8 67. Kf6 Ne4+ 68. Ke5 Nxg5 69. Kd4 Kf7 70. Kc4 Kf6 71.
Ng3 Ke5 72. Kxb4 Kf4 73. Ne2+ Kg4 74. Nd4 Kxh5 75. Kc4 Kg4 76. Kd3 h5 77. Ke2 h4 78.
Kf2 h3 79. Kg1 Kg3 80. Ne2+ Kg4 81. Kh1 Ne4 82. Ng1 Ng3+ 83. Kh2 Nf1+ 84. Kh1 h2 85. Kg2 Kh4 1/2-1/2

[Event "*** Titled Tuesday Blitz"]
[Site "Chess.com"]
[Date "2018.06.05"]
[Round "10"]
[White "BasilSmash"]
[Black "VNeimer"]
[Result "1/2-1/2"]
[WhiteElo "2426"]
[BlackElo "2489"]
[TimeControl "180+2"]
[EndTime "15:28:21 PDT"]
[Termination "Game drawn - insufficient material"]

1. d4 Nf6 2. Nf3 b6 3. Bf4 Bb7 4. e3 g6 5. h3 Bg7 6. Be2 O-O 7. O-O c5 8. c3 d6 9. a4 a6 10. Nbd2 Nbd7 11. Bh2 Rc8 12. Bd3 e5 13. dxe5 Nxe5 14. Nxe5 dxe5 15. Qe2 Qc7 16. Bxa6 Rfd8 17. Bxb7 Qxb7 18.
Bxe5 Rxd2 19. Qxd2 Ne4 20. Qd3 Bxe5 21. Rfd1 c4 22. Qd5 Qxd5 23. Rxd5 Rc5 24. Rxc5 Nxc5 25. a5 bxa5 26. Rxa5 Bd6 27. Ra8+ Kg7 28. Rd8 Be7 29.
Rd4 Na4 30. Rxc4 Nxb2 31. Rc7 Bd6 32. Rc6 Ba3 33. g4 h6 34. Kg2 Kf8 35. f4 Ke7 36.
Kf3 Nd3 37. c4 Bd6 38. Ra6 f5 39. Ra7+ Ke6 40. Rh7 Bf8 41. Ra7 Nc5 42. Rc7 Ne4 43. Rc8 Kf7 44. Kg2 h5 45. gxh5 gxh5 46. Kf3 h4 47.
Ke2 Be7 48. Rc6 Ke8 49. Rh6 Kd7 50. Kf3 Nd2+ 51. Ke2 Nxc4 52. Rh5 Ke6 53. Rh6+ Kf7 54. Ra6 Nd6 55. Kf3 Ne4 56. Rc6 Bf6 57. Ra6 Nd2+ 58. Ke2 Ne4 59. Kf3 Be7 60. Rc6 Nd2+ 61. Ke2 Nb3 62.
Rb6 Nc5 63. Rc6 Ne4 64. Kf3 Bd6 65. Ra6 Ke6 66. Ra8 Be7 67. Ra6+ Kd5 68. Ra5+ Bc5 69.
Ra8 Nd2+ 70. Ke2 Nc4 71. Rd8+ Ke6 72. Rc8 Kd5 73. Rd8+ Bd6 74. Kf3 Nd2+ 75. Ke2 Ne4 76. Rh8 Be7 77. Ra8 Bc5 78. Rd8+ Ke6 79. Re8+ Be7 80.
Kf3 Nd6 81. Ra8 Kd5 82. Ra5+ Ke6 83. Ra6 Kf7 84. Ra7 Kf6 85. Ra6 Ke6 86. Ra5 Ne4 87. Re5+ Kf6 88. Rxe4 fxe4+ 89. Kxe4 Ba3 90. Kf3 Bc1 91.
Kg4 Bxe3 92. Kxh4 Bxf4 93. Kg4 Bc1 94. h4 Kg6 95. h5+ Kh6 96. Kf5 Kxh5 1/2-1/2